PA
IDAHO FALLS CHUKARS @ MANCELONA TORCH
08/16/2022
 
TOP OF THE 1ST
Idaho Falls Chukars batting - Pitching for Mancelona Torch : RHP Olegário Pa
Pitching: RHP Olegário Pa
Batting: LHB Randy Schlosser 0-0: Bunted foul
0-1: Ball
1-1: Ball
2-1: SINGLE (Line Drive, 8LS)
Batting: SHB Pablo Coloa 0-0: Ball
1-0: Foul Ball, location: 2F
1-1: Ball
2-1: Foul Ball, location: 2F
2-2: Ball
3-2: Grounds into double play, 4-6-3 (Groundball, 4)
Batting: SHB Juan Rivas 0-0: Called Strike
0-1: Ground out 6-3 (Groundball, 6M)
Top of the 1st over - 0 run(s), 1 hit(s), 0 error(s), 0 left on base; Idaho Falls 0 - Mancelona 0
BOTTOM OF THE 1ST
Mancelona Torch batting - Pitching for Idaho Falls Chukars : RHP Lorenzo López
Pitching: RHP Lorenzo López
Batting: RHB Jim Unknown 0-0: Bunted foul
0-1: Ball
1-1: Swinging Strike
1-2: Strikes out swinging
Batting: RHB Raúl Ruíz 0-0: Ball
1-0: Called Strike
1-1: Fly out, F8 (Flyball, 8LM)
Batting: RHB Juan Carlos Cruz 0-0: Called Strike
0-1: Ball
1-1: SINGLE (Flyball, 8RS)
Batting: RHB Freddy Carea 0-0: Ball
1-0: Ball
2-0: Ball
3-0: Base on Balls
Juan Carlos Cruz to second
Batting: RHB Juan Báez 0-0: Ball
1-0: Ball
2-0: Foul Ball, location: 2F
2-1: Swinging Strike
2-2: Ball
3-2: Base on Balls
Juan Carlos Cruz to third
Freddy Carea to second
Batting: RHB Henry Lambright 0-0: Swinging Strike
0-1: Foul Ball, location: 2F
0-2: Ball
1-2: Ball
Passed Ball!
Juan Carlos Cruz scores
Freddy Carea to third
Juan Báez to second
2-2: Ball
3-2: Foul Ball, location: 2F
3-2: Fly out, F4 (Line Drive, 4MD)
Bottom of the 1st over - 1 run(s), 1 hit(s), 0 error(s), 2 left on base; Idaho Falls 0 - Mancelona 1
TOP OF THE 2ND
Idaho Falls Chukars batting - Pitching for Mancelona Torch : RHP Olegário Pa
Batting: LHB Ned Durand 0-0: Foul Ball, location: 2F
0-1: Swinging Strike
0-2: Ball
1-2: Ball
2-2: Strikes out swinging
Batting: RHB Jung-hwan Kwon 0-0: Fly out, F8 (Line Drive, 8RM)
Batting: LHB Armando Peña 0-0: SINGLE (Groundball, 56) (infield hit)
Batting: RHB Adrian Rodgers 0-0: Ground out 4-3 (Groundball, 4)
Top of the 2nd over - 0 run(s), 1 hit(s), 0 error(s), 1 left on base; Idaho Falls 0 - Mancelona 1
BOTTOM OF THE 2ND
Mancelona Torch batting - Pitching for Idaho Falls Chukars : RHP Lorenzo López
Batting: LHB José Hernández 0-0: Foul Ball, location: 2F
0-1: Ball
1-1: SINGLE (Line Drive, 4MD)
Batting: RHB Bert Cook 0-0: Called Strike
0-1: Ball
1-1: Ball
2-1: Ball
3-1: Base on Balls
José Hernández to second
Batting: RHB Jim Unknown 0-0: Called Strike
0-1: SINGLE (Line Drive, 4MD)
José Hernández to third
Bert Cook to second
Runner from 3rd tries for Home, SAFE, no throw or cutoff
Batting: RHB Jim Unknown 0-0: Ball
1-0: Called Strike
1-1: Grounds into double play, 1-6-3 (Groundball, 13)
Bert Cook to third
Batting: RHB Raúl Ruíz 0-0: Foul Ball, location: 2F
0-1: Fly out, F8 (Flyball, 8LS)
Bottom of the 2nd over - 1 run(s), 2 hit(s), 0 error(s), 1 left on base; Idaho Falls 0 - Mancelona 2
TOP OF THE 3RD
Idaho Falls Chukars batting - Pitching for Mancelona Torch : RHP Olegário Pa
Batting: RHB Ted Stephens 0-0: Ball
1-0: Called Strike
1-1: Ground out 6-3 (Groundball, 6M)
Batting: RHB Fernando Granados 0-0: SINGLE (Groundball, 34)
Batting: LHB Randy Schlosser 0-0: Ball
Fernando Granados is caught stealing 2nd base
1-0: SINGLE (Line Drive, 34)
Batting: SHB Pablo Coloa 0-0: Called Strike
0-1: Ball
1-1: Called Strike
Randy Schlosser is caught stealing 2nd base
Top of the 3rd over - 0 run(s), 2 hit(s), 0 error(s), 0 left on base; Idaho Falls 0 - Mancelona 2
BOTTOM OF THE 3RD
Mancelona Torch batting - Pitching for Idaho Falls Chukars : RHP Lorenzo López
Batting: RHB Juan Carlos Cruz 0-0: Ball
1-0: Fly out, F6 (Line Drive, 6D)
Batting: RHB Freddy Carea 0-0: Ball
1-0: Swinging Strike
1-1: Ground out 5-3 (Groundball, 5)
Batting: RHB Juan Báez 0-0: Ball
1-0: Ball
2-0: Fly out, F9 (Flyball, 9D)
Bottom of the 3rd over - 0 run(s), 0 hit(s), 0 error(s), 0 left on base; Idaho Falls 0 - Mancelona 2
TOP OF THE 4TH
Idaho Falls Chukars batting - Pitching for Mancelona Torch : RHP Olegário Pa
Batting: SHB Pablo Coloa 0-0: Called Strike
0-1: Ground out 4-3 (Groundball, 34)
Batting: SHB Juan Rivas 0-0: Swinging Strike
0-1: Foul Ball, location: 2F
0-2: Fly out, F7 (Flyball, 7D)
Batting: LHB Ned Durand 0-0: DOUBLE (Line Drive, 78M)
Batting: RHB Jung-hwan Kwon 0-0: SINGLE (Groundball, 5L)
Ned Durand to third
Runner from 3rd tries for Home, SAFE, no throw or cutoff
Batting: LHB Armando Peña 0-0: Called Strike
0-1: Ball
1-1: Ball
2-1: Foul Ball, location: 2F
2-2: Ball
3-2: 2-RUN HOME RUN (Flyball, 7LD), Distance : 339 ft
Batting: RHB Adrian Rodgers 0-0: Ball
1-0: Ball
2-0: Foul Ball, location: 2F
2-1: Ball
3-1: Base on Balls
Batting: RHB Ted Stephens 0-0: Foul Ball, location: 2F
0-1: Ball
1-1: Swinging Strike
1-2: Foul Ball, location: 2F
1-2: Fly out, F2 (Popup, 2RF)
Top of the 4th over - 3 run(s), 3 hit(s), 0 error(s), 1 left on base; Idaho Falls 3 - Mancelona 2
BOTTOM OF THE 4TH
Mancelona Torch batting - Pitching for Idaho Falls Chukars : RHP Lorenzo López
Batting: RHB Henry Lambright 0-0: Foul Ball, location: 2F
0-1: Ball
1-1: Foul Ball, location: 2F
1-2: Ball
2-2: Strikes out swinging
Batting: LHB José Hernández 0-0: Ball
1-0: Ball
2-0: Ball
3-0: Called Strike
3-1: Fly out, F6 (Popup, 6D)
Batting: RHB Bert Cook 0-0: SINGLE (Groundball, 25) (infield hit)
Batting: RHB Jim Unknown 0-0: Ground out 5-3 (Groundball, 5L)
Bottom of the 4th over - 0 run(s), 1 hit(s), 0 error(s), 1 left on base; Idaho Falls 3 - Mancelona 2
TOP OF THE 5TH
Idaho Falls Chukars batting - Pitching for Mancelona Torch : RHP Olegário Pa
Batting: RHB Fernando Granados 0-0: Ball
1-0: Swinging Strike
1-1: Ground out 6-3 (Groundball, 6)
Batting: LHB Randy Schlosser 0-0: Ball
1-0: SINGLE (Line Drive, 3D)
Batting: SHB Pablo Coloa 0-0: Called Strike
Throwing error on steal attempt, E2
Randy Schlosser to third
0-1: Ball
1-1: SINGLE (Line Drive, 8RS)
Randy Schlosser scores
Batting: SHB Juan Rivas 0-0: Called Strike
0-1: Ball
1-1: Fly out, F9 (Flyball, 9M)
Batting: LHB Ned Durand 0-0: Ball
1-0: Fly out, F3 (Line Drive, 3)
Top of the 5th over - 1 run(s), 2 hit(s), 1 error(s), 1 left on base; Idaho Falls 4 - Mancelona 2
BOTTOM OF THE 5TH
Mancelona Torch batting - Pitching for Idaho Falls Chukars : RHP Lorenzo López
Batting: RHB Jim Unknown 0-0: Ball
1-0: SINGLE (Line Drive, 56)
Batting: RHB Raúl Ruíz 0-0: Ball
1-0: Called Strike
1-1: Fly out, F8 (Flyball, 8RD)
Batting: RHB Juan Carlos Cruz 0-0: Called Strike
0-1: Called Strike
0-2: Fly out, F6 (Popup, 6D)
Batting: RHB Freddy Carea 0-0: Ball
1-0: Foul Ball, location: 2F
1-1: Ground out 5-3 (Groundball, 56)
Bottom of the 5th over - 0 run(s), 1 hit(s), 0 error(s), 1 left on base; Idaho Falls 4 - Mancelona 2
TOP OF THE 6TH
Idaho Falls Chukars batting - Pitching for Mancelona Torch : RHP Olegário Pa
Batting: RHB Jung-hwan Kwon 0-0: Ground out 5-3 (Groundball, 5)
Batting: LHB Armando Peña 0-0: Called Strike
0-1: Fly out, F8 (Flyball, 8LXD)
Batting: RHB Adrian Rodgers 0-0: Called Strike
0-1: Fly out, F9 (Flyball, 9M)
Top of the 6th over - 0 run(s), 0 hit(s), 0 error(s), 0 left on base; Idaho Falls 4 - Mancelona 2
BOTTOM OF THE 6TH
Mancelona Torch batting - Pitching for Idaho Falls Chukars : RHP Lorenzo López
Batting: RHB Juan Báez 0-0: Called Strike
0-1: Fly out, F4 (Popup, 4)
Batting: RHB Henry Lambright 0-0: Ball
1-0: Foul Ball, location: 2F
1-1: Ball
2-1: Swinging Strike
2-2: Fly out, F7 (Line Drive, 7M)
Batting: LHB José Hernández 0-0: Ball
1-0: Fly out, F7 (Flyball, 78M)
Bottom of the 6th over - 0 run(s), 0 hit(s), 0 error(s), 0 left on base; Idaho Falls 4 - Mancelona 2
TOP OF THE 7TH
Idaho Falls Chukars batting - Pitching for Mancelona Torch : RHP Olegário Pa
Batting: RHB Ted Stephens 0-0: Called Strike
0-1: Ball
1-1: Fly out, F7 (Flyball, 7M)
Batting: RHB Fernando Granados 0-0: Foul Ball, location: 2F
0-1: Ball
1-1: Ball
2-1: Ball
3-1: Ground out 6-3 (Groundball, 6)
Batting: LHB Randy Schlosser 0-0: Fly out, F8 (Popup, 6MD)
Top of the 7th over - 0 run(s), 0 hit(s), 0 error(s), 0 left on base; Idaho Falls 4 - Mancelona 2
BOTTOM OF THE 7TH
Mancelona Torch batting - Pitching for Idaho Falls Chukars : RHP Lorenzo López
Pitching: RHP Hartmann Riedman
Batting: RHB Bert Cook 0-0: Ball
1-0: Foul Ball, location: 2F
1-1: Swinging Strike
1-2: Ball
2-2: Fly out, F9 (Line Drive, 9M)
Batting: RHB Jim Unknown 0-0: Called Strike
0-1: Ball
1-1: Ball
2-1: SINGLE (Line Drive, 5D)
Batting: RHB Jim Unknown 0-0: Ball
1-0: SINGLE (Line Drive, 7LS)
Jim Unknown to second
Batting: RHB Raúl Ruíz 0-0: Ball
1-0: Swinging Strike
1-1: SINGLE (Line Drive, 7S)
Jim Unknown to third
Jim Unknown to second
Pinch Hitting: RHB Jim Unknown 0-0: Called Strike
0-1: Ball
1-1: Ball
2-1: Ball
3-1: Base on Balls
Jim Unknown scores
Jim Unknown to third
Raúl Ruíz to second
Batting: RHB Freddy Carea 0-0: Ball
1-0: Called Strike
1-1: Fly out, F3 (Line Drive, 34)
1-1: Lined into DP, U3 (Line Drive, 34)
Bottom of the 7th over - 1 run(s), 3 hit(s), 0 error(s), 2 left on base; Idaho Falls 4 - Mancelona 3
TOP OF THE 8TH
Idaho Falls Chukars batting - Pitching for Mancelona Torch : RHP Olegário Pa
Now at 3B: Jim Unknown
Batting: SHB Pablo Coloa 0-0: Ball
1-0: Ball
2-0: Fly out, F8 (Flyball, 8RM)
Batting: SHB Juan Rivas 0-0: Ball
1-0: Called Strike
1-1: Fly out, F6 (Popup, 5L)
Batting: LHB Ned Durand 0-0: Ball
1-0: Ground out 4-3 (Groundball, 4)
Top of the 8th over - 0 run(s), 0 hit(s), 0 error(s), 0 left on base; Idaho Falls 4 - Mancelona 3
BOTTOM OF THE 8TH
Mancelona Torch batting - Pitching for Idaho Falls Chukars : RHP Hartmann Riedman
Pitching: RHP Folkert van Huizen
Now at 1B: Lee Faught
Batting: RHB Juan Báez 0-0: SINGLE (Flyball, 7S)
Batting: RHB Henry Lambright 0-0: Sac Bunt - play at first, batter OUT! 5-3
Juan Báez to second
Batting: LHB José Hernández 0-0: Ball
1-0: Ball
2-0: Swinging Strike
2-1: Called Strike
2-2: Fly out, F7 (Flyball, 7S)
Pinch Hitting: LHB Jim Unknown 0-0: Ball
1-0: Ball
2-0: Ball
3-0: Base on Balls
Batting: RHB Jim Unknown 0-0: Ball
1-0: Ball
2-0: Ball
3-0: Called Strike
3-1: Base on Balls
Juan Báez to third
Jim Unknown to second
Pinch Hitting: LHB Jim Unknown 0-0: Ball
1-0: Ball
2-0: SINGLE (Line Drive, 8LS)
Juan Báez scores
Jim Unknown to third
Jim Unknown to second
Batting: RHB Raúl Ruíz 0-0: Foul Ball, location: 2F
0-1: Ball
1-1: Ball
2-1: Foul Ball, location: 2F
2-2: DOUBLE (Groundball, 5D)
Jim Unknown scores
Jim Unknown scores
Jim Unknown to third
Runner from 3rd tries for Home, throw and OUT!
Bottom of the 8th over - 3 run(s), 3 hit(s), 0 error(s), 1 left on base; Idaho Falls 4 - Mancelona 6
TOP OF THE 9TH
Idaho Falls Chukars batting - Pitching for Mancelona Torch : RHP Olegário Pa
Pitching: RHP Jim Unknown
Now at SS: Jorge Saldaña
Now in RF: Jim Unknown
Batting: RHB Jung-hwan Kwon 0-0: Ball
1-0: Fly out, F2 (Popup, 2RF)
Batting: LHB Armando Peña 0-0: Ground out 4-3 (Groundball, 4M)
Batting: RHB Adrian Rodgers 0-0: Ground out 4-3 (Groundball, 13)
Top of the 9th over - 0 run(s), 0 hit(s), 0 error(s), 0 left on base; Idaho Falls 4 - Mancelona 6
This league is powered by Out of the Park Baseball, the baseball management simulation game for PC, Mac and Linux
Friday, April 15th, 2016 - OOTP Baseball 16.9 Build 39